 Dungeon Sprint DCSS version 0.17.0-24-gcfadda4 (webtiles) character file.

742 Kidiri the Covert (level 7, 0/57 HPs)
             Began as a Spriggan Assassin on Nov 17, 2015.
             Slain by a vampire mosquito (12 damage)
             ... in the Dungeon (Sprint II: "The Violet Keep of Menkaure").
             The game lasted 00:03:45 (1155 turns).

Kidiri the Covert (Spriggan Assassin)               Turns: 1155, Time: 00:03:45

Health: 0/57       AC:  3    Str: 12    XL:     7   Next: 47%
Magic:  8/8        EV: 27    Int: 13    God:
Gold:   972        SH:  0    Dex: 19    Spells: 0 memorised, 6 levels left

rFire  . . .     SeeInvis +     a - +2 dagger
rCold  . . .     Clarity  .     c - +0 robe
rNeg   . . .     SustAt   .     (shield restricted)
rPois  .         Gourm    .     (helmet restricted)
rElec  .         Spirit   .     d - +0 cloak
rCorr  .         Warding  .     (gloves unavailable)
rMut   .         NoTele   +     (boots unavailable)
MR     +....                    (no amulet)
Stlth  ..........               (no ring)
                                (no ring)

@: berserking, very quick, somewhat resistant to hostile enchantments, extremely
unstealthy
A: unfitting armour, see invisible, herbivore 3, speed 3, slow metabolism 2
a: no special abilities


You were in the Dungeon.
You were not hungry.

You visited 1 branch You collected 972 gold pieces.

Inventory:

Hand Weapons
 a - a +2 dagger (weapon)
 b - a +0 blowgun
Missiles
 e - 8 poisoned needles
 f - 2 curare-tipped needles
Armour
 c - a +0 robe (worn)
 d - a +0 cloak (worn)
Scrolls
 m - a scroll of blinking
Potions
 h - a potion of curing
 i - a potion of heal wounds
 j - a potion of haste
 k - 2 potions of magic
Comestibles
 g - a bread ration


   Skills:
 + Level 4.4 Fighting
 * Level 8.4 Short Blades
 * Level 7.6 Throwing
 + Level 3.7 Armour
 * Level 10.5 Dodging
 * Level 12.5 Stealth


You had 6 spell levels left.
You didn't know any spells.

Dungeon Overview and Level Annotations

Branches:
Dungeon (1/1)

Altars:

Shops:
D !![%?=[!=(%:*

Annotations:
D Roxanne


Innate Abilities, Weirdness & Mutations

You are tiny and cannot use many weapons and most armour.
You have supernaturally acute eyesight.
You are a herbivore.
You cover ground extremely quickly.
You need consume almost no food.


Message History

You closely miss the vampire mosquito.
The vampire mosquito is lightly damaged.
The vampire mosquito bites you.
* * * LOW HITPOINT WARNING * * *
The vampire mosquito draws strength from your injuries!
You closely miss the vampire mosquito.
The vampire mosquito is lightly damaged.
The vampire mosquito barely misses you.
You hit the vampire mosquito.
The vampire mosquito is lightly damaged.
You puncture the vampire mosquito!
The vampire mosquito is heavily damaged.
The vampire mosquito completely misses you.
You closely miss the vampire mosquito.
The vampire mosquito is heavily damaged.
The vampire mosquito completely misses you.
You puncture the vampire mosquito!
The vampire mosquito is almost destroyed.
The vampire mosquito bites you!
You die...

#≈§§≈ #§'§# ######≈
.≈§ .∩.∩.#≈ ##+##
∩.∩..#≈ ##.#.##
.∩...#≈ #..#..#
∩....#≈ #####.#####
.∩...#≈##y###+###.##
∩.∩..#≈#.#@##.##.%.#
∩.∩.+≈'###'.<.+##.+
..∩.∩#≈#.#.##.##.###
▓▓▓###≈##.###'###%#
######≈≈####.#.####
##≈≈≈#.%#..#
#'#≈##...## ≈
#(#≈≈##'##≈≈≈≈
####≈≈≈≈≈≈≈≈§§≈


You could see a vampire mosquito.

Vanquished Creatures
  Menkaure (D)
  2 hippogriffs (D)
  4 necrophages (D)
  4 worker ants (D)
  3 worms (D)
14 creatures vanquished.

Notes
Turn   | Place    | Note
--------------------------------------------------------------
     0 | D        | Kidiri the Spriggan Assassin began the quest for the Orb.
     0 | D        | Reached XP level 1. HP: 10/10 MP: 2/2
     3 | D        | Noticed a worker ant
     3 | D        | Noticed a worker ant
     5 | D        | Noticed a worker ant
     5 | D        | Noticed a worker ant
     6 | D        | Killed a worker ant
     6 | D        | Reached skill level 6 in Stealth
     6 | D        | Reached XP level 2. HP: 13/15 MP: 3/3
     8 | D        | Killed a worker ant
     8 | D        | Reached skill level 1 in Armour
     8 | D        | Reached skill level 7 in Stealth
     8 | D        | Reached XP level 3. HP: 15/18 MP: 4/4
    19 | D        | Killed a worker ant
    19 | D        | Reached skill level 5 in Dodging
    19 | D        | Reached skill level 8 in Stealth
    19 | D        | Reached XP level 4. HP: 18/23 MP: 5/5
   162 | D        | Noticed Menkaure
   174 | D        | Killed Menkaure
   174 | D        | Reached skill level 5 in Short Blades
   174 | D        | Reached skill level 9 in Stealth
   174 | D        | Reached XP level 5. HP: 18/28 MP: 6/6
   183 | D        | Killed a worker ant
   183 | D        | Reached skill level 5 in Throwing
   279 | D        | Noticed Roxanne
   290 | D        | Noticed a hippogriff
   290 | D        | Noticed a hippogriff
   491 | D        | Killed a hippogriff
   491 | D        | Reached skill level 10 in Stealth
   491 | D        | Reached XP level 6. HP: 10/32 MP: 7/7
   766 | D        | Killed a hippogriff
   766 | D        | Reached skill level 11 in Stealth
  1071 | D        | Noticed a necrophage
  1071 | D        | Noticed a necrophage
  1071 | D        | Noticed a necrophage
  1071 | D        | Noticed a necrophage
  1074 | D        | Killed a necrophage
  1075 | D        | Killed a necrophage
  1075 | D        | Reached XP level 7. HP: 37/37 MP: 8/8
  1078 | D        | Killed a necrophage
  1078 | D        | Reached skill level 10 in Dodging
  1078 | D        | Reached skill level 12 in Stealth
  1079 | D        | Killed a necrophage
  1096 | D        | Noticed an ice statue
  1099 | D        | Found Vyclicar's Assorted Antiques.
  1102 | D        | Found Nopeotee's Antique Weapon Boutique.
  1102 | D        | Found Sosur's Book Boutique.
  1102 | D        | Found Tawimunn's Jewellery Shop.
  1103 | D        | Found Aliyck's Antique Armour Shop.
  1103 | D        | Found Niara's Jewellery Boutique.
  1104 | D        | Noticed a vampire mosquito
  1138 | D        | Found Geocolib's Magic Scroll Shop.
  1138 | D        | Found Pefruom's Distillery.
  1138 | D        | Found Hinegh's Food Shop.
  1138 | D        | Found Unoridgh's Food Boutique.
  1139 | D        | Found Aniysiott's Antique Armour Boutique.
  1139 | D        | Found Vanletoepp's Distillery.
  1139 | D        | Found Maaqufum's Distillery.
  1155 | D        | Slain by a vampire mosquito

Action                   |  1- 3 |  4- 6 |  7- 9 || total
-------------------------+-------+-------+-------++-------
Melee: Dagger            |     7 |    56 |    31 ||    94
 Fire: Blowgun           |     3 |     7 |       ||    10
  Use: Potion            |       |       |     1 ||     1
 Stab: Sleeping          |     2 |     5 |     2 ||     9
